 Dungeon Crawl Stone Soup version 0.28-a0-811-g00180f5fcc (webtiles) character file.

Game seed: 13312047084923898043

5633 MacCMillion the Grappler (level 10, 0/102 HPs)
             Began as a Troll Earth Elementalist on Nov 8, 2021.
             Was a Believer of Vehumet.
             Slain by a yak (8 damage)
             ... on level 9 of the Dungeon.
             The game lasted 00:43:16 (9008 turns).

MacCMillion the Grappler (Troll Earth Elementalist) Turns: 9008, Time: 00:43:17

Health: 0/102      AC:  5    Str: 26    XL:     10   Next: 46%
Magic:  12/12      EV:  9    Int: 12    God:    Vehumet [**....]
Gold:   538        SH:  0    Dex: 10    Spells: 3/13 levels left

rFire   + . .      SeeInvis .     - Unarmed
rCold   + . .      Faith    .   (no shield)
rNeg    . . .      Spirit   .   (armour restricted)
rPois   +          Reflect  .   (helmet restricted)
rElec   +          Harm     .   p - +2 cloak
rCorr   +          Rampage  .   (gloves unavailable)
Will    .....                   (boots unavailable)
Stlth   +.........              k - amulet of regeneration
HPRegen 2.27/turn               t - +6 ring of strength
MPRegen 0.13/turn               m - ring of flight

@: mighty, resistant, on berserk cooldown, flying, slowed, very slow
A: large, unfitting armour, claws 3, regeneration 1, shaggy fur 1, tough skin 1
a: Renounce Religion


You were on level 9 of the Dungeon.
You worshipped Vehumet.
Vehumet was pleased with you.
You visited 2 branches of the dungeon, and saw 10 of its levels.
You also visited: Ossuary and Bailey.

You collected 538 gold pieces.

Inventory:

Hand Weapons
 x - a +1 giant spiked club
Missiles
 c - 43 stones
 n - a boomerang (quivered)
 w - 6 javelins
 B - 3 curare-tipped darts
Armour
 b - a +0 robe
 g - +1 steam dragon scales
 p - a +2 cloak (worn)
Jewellery
 f - a +4 ring of evasion
 h - a ring of fire
 k - an amulet of regeneration (around neck)
 m - a ring of flight (right claw)
 t - a +6 ring of strength (left claw)
 u - a +6 ring of strength
 E - a +6 ring of dexterity
Scrolls
 i - 2 scrolls of teleportation
 j - 2 scrolls of silence
 o - 3 scrolls of immolation
 r - a scroll of enchant armour {unknown}
 s - 3 scrolls of fog {unknown}
 v - a scroll of amnesia {unknown}
 y - a scroll of fear {unknown}
 D - a scroll of blinking {unknown}
 G - a scroll of enchant weapon
 H - a scroll of torment {unknown}
 I - a scroll of vulnerability {unknown}
Potions
 a - a potion of flight
 d - 3 potions of invisibility
 e - 3 potions of lignification
 C - a potion of heal wounds {unknown}
 F - a potion of curing


   Skills:
 - Level 7.0 Fighting
 - Level 1.5 Dodging
 - Level 1.0 Stealth
 * Level 10.7 Unarmed Combat
 - Level 2.0 Spellcasting
 - Level 3.0 Conjurations
 - Level 3.0 Transmutations
 - Level 5.0 Earth Magic


You had 3 spell levels left.
You knew the following spells:

 Your Spells              Type           Power      Damage    Failure   Level
a - Sandblast             Erth           26%        2d8       3%          1
b - Passwall              Tmut/Erth      8%         N/A       8%          2
c - Stone Arrow           Conj/Erth      20%        3d8       16%         3
d - Petrify               Tmut/Erth      10%        N/A       45%         4

Your spell library contained the following spells:

 Spells                   Type           Power      Damage    Failure   Level
 Freeze                   Ice            4%         1d3       26%         1
 Foxfire                  Conj/Fire      16%        2x1d4     14%         1
 Animate Armour           Summ/Erth      14%        N/A       67%         4
 Blade Hands              Tmut           4%         N/A       91%         5
 Iron Shot                Conj/Erth      5%         9d2       100%        6


Dungeon Overview and Level Annotations

Branches:
Dungeon (9/15)             Temple (1/1) D:5         Ossuary (visited)
 Bailey (visited)
   Lair: D:8-11         Orc: D:9-12

Altars:
Ashenzari
Cheibriados
Dithmenos
Elyvilon
Fedhas
Gozag
Hepliaklqana
Makhleb
Nemelex Xobeh
Okawaru
Qazlal
Ru
Sif Muna
Trog
Uskayaw
Vehumet
Wu Jian
Xom
Yredelemnul
Zin
The Shining One

Shops:
D:3 :

Annotations:
D:4 Edmund
D:7 3 runed translucent doors, Astera's ghost, novice FoFi


Innate Abilities, Weirdness & Mutations

You are too large for most types of armour.
You have claws for hands.
Your natural rate of healing is unusually fast.
You are covered in fur. (AC +1)
You have tough skin. (AC +1)


Message History

You kill the yak!
Vehumet accepts your kill. The orc barely misses you. The vampire hits you.
* * * LOW HITPOINT WARNING * * *
The vampire bites you!
* * * LOW HITPOINT WARNING * * *
The vampire draws strength from your injuries!
The yak gores you!
* * * LOW HITPOINT WARNING * * *
Training target 7.0 for Fighting reached!
Your Fighting skill increases to level 7!
You feel less invigorated.
You feel less confused. The vampire hits you!
* * * LOW HITPOINT WARNING * * *
The vampire bites you but does no damage.
The orc hits you with a +0 spear.
* * * LOW HITPOINT WARNING * * *
The yak gores you but does no damage.
You completely miss the orc.
Unknown command.
The orc hits you but does no damage. The yak gores you!
* * * LOW HITPOINT WARNING * * *
You are too berserk!
You mangle the orc!!
You kill the orc!
Vehumet accepts your kill.
You claw the yak!
The yak is moderately wounded.
You are no longer berserk.
You are exhausted.
You feel yourself slow down.
The vampire gestures wildly while chanting.
The vampire flickers and vanishes!
Deactivating autopickup; reactivate with Ctrl-A.
Casting: Petrify (dangerous; 45% risk of failure)
Confirm with . or Enter, or press ? or * to list all spells.
You aren't next to any passable walls.
The yak gores you!
You die...

.. >....# .. .....# .. ....######
#. ≈≈≈.#...... #. ####≈≈........
#. ## ...≈#@.#≈≈........ #. .####
..≈#.Y'≈≈........ #. ....##
######.≈#{Y'≈≈........ #.
###..##.......≈#.)'≈≈........ #.
. ##..##......≈#∩)#≈≈........ #.
.. ##..#......≈####≈≈........ #.
... ##.#......≈≈≈≈≈Y≈.##########.
#... #.##.............#..........
##...#..#.....#.......#..........


You could see 2 yaks.

Vanquished Creatures
  An orc knight (Bailey)
  A wyvern (D:9)
  A yak (D:9)
  2 steam dragons
  A vampire mosquito (D:5)
  3 water moccasins
  Duvessa (D:6)
  8 orc warriors
  2 sky beasts (D:5)
  A black bear (D:7)
  A hornet zombie (D:8)
  6 ogres
  2 necrophages
  2 centaurs
  A phantom (D:5)
  A kobold brigand (D:7)
  2 scorpions
  Dowan (D:6)
  A water moccasin zombie (D:5)
  A wyvern skeleton (D:7)
  10 killer bees
  2 howler monkeys (D:5)
  A human zombie (Ossuary)
  3 jellies
  A bullfrog skeleton (D:5)
  A bullfrog zombie (D:5)
  4 centaur zombies
  5 orc priests
  7 hounds
  3 centaur skeletons
  A scorpion zombie (D:5)
  An iguana (D:6)
  6 orc wizards
  A hound zombie (D:5)
  5 mummies (Ossuary)
  A howler monkey zombie (D:9)
  2 gnolls
  5 adders
  2 white imps
  2 dart slugs
  A worm (D:3)
  31 orcs
  11 endoplasms
  5 giant cockroaches
  A gnoll zombie (Ossuary)
  8 goblins
  7 hobgoblins
  A quokka (D:2)
  8 ball pythons
  6 bats
  5 frilled lizards
  A hobgoblin zombie (Ossuary)
  5 kobolds
  A kobold zombie (Ossuary)
  An orc zombie (Ossuary)
  3 rats
197 creatures vanquished.

Vanquished Creatures (others)
  An orc wizard (D:9)
  3 fungi (D:3)
  4 plants (D:3)
8 creatures vanquished.

Grand Total: 205 creatures vanquished

Notes
Turn   | Place    | Note
-------+----------+-------------------------------------------
     0 | D:1      | MacCMillion the Troll Earth Elementalist began the quest
                  | for the Orb.
     0 | D:1      | Reached XP level 1. HP: 16/16 MP: 1/1
    83 | D:1      | Reached skill level 1 in Unarmed Combat
    91 | D:1      | Reached XP level 2. HP: 25/26 MP: 2/2
   566 | D:2      | Reached skill level 1 in Fighting
   577 | D:2      | Reached skill level 2 in Unarmed Combat
   577 | D:2      | Reached XP level 3. HP: 33/33 MP: 3/3
  1080 | D:2      | Reached XP level 4. HP: 41/41 MP: 4/4
  1111 | D:2      | Reached skill level 3 in Unarmed Combat
  1525 | D:3      | Reached XP level 5. HP: 49/49 MP: 5/5
  1575 | D:3      | Reached skill level 4 in Unarmed Combat
  1579 | D:3      | Found Fuanub's Book Shoppe.
  1638 | D:3      | Noticed an ogre
  1652 | D:3      | Killed an ogre
  1653 | D:3      | Reached XP level 6. HP: 51/59 MP: 3/6
  2025 | D:3      | Found a faded altar of an unknown god.
  2035 | D:3      | Reached skill level 5 in Unarmed Combat
  2060 | D:3      | Got Plato's Papyrus of the Blaze
  2745 | D:4      | Reached XP level 7. HP: 67/67 MP: 7/7
  2799 | D:4      | Noticed Edmund
  2819 | D:5      | Entered Level 5 of the Dungeon
  2827 | D:5      | Reached skill level 6 in Unarmed Combat
  2830 | D:5      | Learned a level 2 spell: Passwall
  2834 | D:5      | Learned a level 3 spell: Stone Arrow
  2961 | D:5      | Reached skill level 1 in Conjurations
  3071 | D:5      | Reached XP level 8. HP: 66/78 MP: 9/9
  3397 | D:5      | Reached skill level 7 in Unarmed Combat
  3563 | D:5      | Reached XP level 9. HP: 81/87 MP: 11/11
  3667 | D:5      | Reached skill level 5 in Fighting
  3684 | D:5      | Found a staircase to the Ecumenical Temple.
  3815 | Temple   | Entered the Ecumenical Temple
  4104 | Temple   | Became a worshipper of Vehumet
  4370 | D:6      | Noticed Duvessa
  4370 | D:6      | Noticed Dowan
  4383 | D:6      | Killed Duvessa
  4384 | D:6      | Reached skill level 5 in Earth Magic
  4388 | D:6      | Killed Dowan
  4453 | D:6      | Reached skill level 8 in Unarmed Combat
  4458 | D:6      | Learned a level 4 spell: Petrify
  4509 | D:6      | Reached skill level 1 in Transmutations
  5471 | D:7      | Found a sand-covered staircase.
  5476 | Ossuary  | Entered an ossuary
  5989 | D:7      | Found a runed translucent gate.
  5990 | D:7      | Found a runed translucent gate.
  5990 | D:7      | Found a runed translucent gate.
  6213 | D:7      | Noticed Astera's ghost (novice FoFi)
  6254 | D:8      | Reached * piety under Vehumet
  6254 | D:8      | Offered knowledge of Shock by Vehumet.
  6615 | D:7      | Reached skill level 9 in Unarmed Combat
  7126 | D:9      | Reached XP level 10. HP: 48/98 MP: 12/12
  7378 | D:9      | Found a flagged portal.
  7390 | Bailey   | Entered a bailey
  7463 | Bailey   | Offered knowledge of Freeze by Vehumet.
  7560 | Bailey   | Reached ** piety under Vehumet
  7650 | Bailey   | Noticed an orc knight
  8054 | Bailey   | Reached skill level 10 in Unarmed Combat
  8596 | Bailey   | Killed an orc knight
  9004 | D:9      | HP: 3/153 [yak (14)]
  9008 | D:9      | Slain by a yak

Illustrated notes

Levels and vault maps discovered:
D:1:      matt_arrival_diagonals, layout_basic
D:2:      minmay_alternating_diamond, layout_loops_corners
D:3:      layout_basic, serial_shops, nicolae_shop_statue_plus,
          shapermc_ecumenical_altar_rom_forum, hangedman_decor_lopped
D:4:      layout_basic, serial_bayou_pond_c, minmay_ogre_servants, uniq_edmund
D:5:      minmay_clustersquares, layout_loops_ring, minmay_temple_entry_fiery
D:6:      layout_loops_corners, uniq_duvessa
D:7:      layout_basic, nicolae_ossuary_entry_false_entrances,
          gammafunk_ghost_necromancy
D:8:      layout_gridville
D:9:      minmay_evil_eye, layout_grid_maze,
          mainiacjoe_overflow_concentric_impassable,
          kennysheep_orc_monster_closet_entryway, enter_bailey_4,
          chequers_avenue
Temple:   roderic_octagonal_lattice_temple

Skill      XL: |  1  2  3  4  5  6  7  8  9 10 |
---------------+-------------------------------+-----
Unarmed Combat | 1 2 3 4 5 6 7 9 10 | 10.7
Fighting       | 1 2 3 4 6 7 |  7.0
Conjurations   | 1 3 |  3.0
Earth Magic    | 3 4 5 |  5.0
Spellcasting   | 2 |  2.0
Transmutations | 3 |  3.0
Dodging        | |  1.5
Stealth        | |  1.0

Action                   |  1- 3 |  4- 6 |  7- 9 | 10-12 || total
-------------------------+-------+-------+-------+-------++-------
Melee: Unarmed           |   109 |   107 |   269 |    87 ||   572
       Punch             |       |     3 |    10 |     1 ||    14
Throw: Stone             |       |     2 |       |     3 ||     5
       Boomerang         |       |       |     5 |    58 ||    63
       Javelin           |       |       |       |     7 ||     7
       Dart              |       |       |       |     3 ||     3
 Cast: Sandblast         |       |     2 |    28 |    82 ||   112
       Stone Arrow       |       |       |     1 |    16 ||    17
       Passwall          |       |       |       |     1 ||     1
       Petrify           |       |       |       |     1 ||     1
  Use: Scroll            |       |       |     9 |       ||     9
       Potion            |       |       |     4 |     6 ||    10
 Stab: Sleeping          |     2 |     1 |       |       ||     3
       Distracted        |       |       |     1 |       ||     1
Armor: Robe              |    43 |    27 |   127 |    46 ||   243
       Skin              |       |       |       |     7 ||     7
Dodge: Dodged            |    53 |    20 |   124 |    80 ||   277

Table legend: (Time is in decaauts)
 A = Elapsed time spent in this place.
 B = Non-inter-level travel time spent in this place.
 C = Inter-level travel time spent in this place.
 D = Time resting spent in this place.
 E = Time spent auto-exploring this place.
 F = Levels seen in this place.
 G = Mean time per level.
                   A        B        C        D        E       F      G
               +--------+--------+--------+--------+--------+-----+--------+
         Total |   8923 |   8562 |    361 |   1116 |   5002 |  12 |  743.6 |
       Dungeon |   6784 |   6458 |    326 |    252 |   4477 |   9 |  753.8 |
        Temple |    305 |    270 |     35 |      0 |    246 |   1 |  305.0 |
       Ossuary |    240 |    240 |      0 |     36 |     72 |   1 |  240.0 |
        Bailey |   1593 |   1593 |      0 |    828 |    207 |   1 | 1593.0 |
               +--------+--------+--------+--------+--------+-----+--------+

Top non-repeatable levels by time:
  Bailey: 1593 daAuts
     D:5: 1197 daAuts
     D:3: 1076 daAuts
     D:6: 985 daAuts
     D:2: 965 daAuts
     D:7: 939 daAuts
     D:8: 546 daAuts
     D:1: 529 daAuts
     D:9: 309 daAuts
  Temple: 305 daAuts
 Ossuary: 240 daAuts
     D:4: 234 daAuts
